 Dungeon Crawl Stone Soup version 0.16-a0-3297-g64b26b4 (webtiles) character file.

65 Minkie the Grasshopper (level 3, -2/29 HPs)
             Began as a Draconian Warper on Dec 24, 2014.
             Slain by an orc priest
             ... wielding a +0 flail
              (7 damage)
             ... on level 3 of the Dungeon.
             The game lasted 00:04:45 (1594 turns).

Minkie the Grasshopper (Draconian Warper)           Turns: 1594, Time: 00:04:45

Health: -2/29      AC:  5    Str: 13    XL:     3   Next: 92%
Magic:  6/6        EV: 12    Int: 14    God:
Gold:   76         SH:  0    Dex: 10    Spells: 1 memorised, 5 levels left

rFire  . . .     SeeInvis .     a - +0 spear
rCold  . . .     Clarity  .     (armour unavailable)
rNeg   . . .     SustAb   .     (no shield)
rPois  .         Gourm    .     (helmet restricted)
rElec  .         Spirit   .     (no cloak)
rCorr  +         Warding  .     (no gloves)
rMut   .         Stasis   .     (no boots)
MR     .....                    j - amulet of resist corrosion
Stlth  +.........               (no ring)
                                (no ring)

@: not resistant to hostile enchantments, very unstealthy
A: unfitting armour, cold-blooded, AC +5
a: no special abilities


You were on level 3 of the Dungeon.
You were not hungry.

You visited 1 branch of the dungeon, and saw 4 of its levels.

You collected 76 gold pieces.

Inventory:

Hand weapons
 a - a +0 spear (weapon)
Missiles
 e - 5 tomahawks of dispersal (quivered)
Jewellery
 j - an amulet of resist corrosion (around neck)
Scrolls
 b - a scroll of fog {unknown}
 d - a scroll of blinking
 g - a scroll of enchant armour {unknown}
 h - a scroll of magic mapping {unknown}
 i - 2 scrolls of enchant weapon {unknown}
 m - a scroll of fear {unknown}
 n - a scroll of immolation {unknown}
 o - a scroll of teleportation {unknown}
 p - a scroll of identify {unknown}
Potions
 k - 2 potions of lignification {unknown}
 l - 2 potions of curing {unknown}
Books
 c - a book of Spatial Translocations

   Spells                             Type                      Level
   a - Apportation                    Translocation                1
   b - Blink                          Translocation                2
   c - Shroud of Golubria             Charms/Translocation         2
   d - Portal Projectile              Translocation                3
   e - Teleport Other                 Translocation                3
   f - Passage of Golubria            Translocation                4
 q - a book of Alchemy

   Spells                             Type                      Level
   a - Sublimation of Blood           Necromancy                   2
   b - Alistair's Intoxication        Transmutation/Poison         4
   c - Condensation Shield            Ice                          4
   d - Petrify                        Transmutation/Earth          4
   e - Ignite Poison                  Fire/Transmutation           5
   f - Irradiate                      Conjuration/Transmutation    5
Comestibles
 f - 2 bread rations


   Skills:
 - Level 2.1 Fighting
 + Level 3.2 Polearms
 - Level 0.8 Throwing
 - Level 2.1 Dodging
 - Level 2.0 Spellcasting
 + Level 4.0 Translocations


You had 5 spell levels left.
You knew the following spells:

 Your Spells              Type           Power        Failure   Level  Hunger
a - Apportation           Tloc           ##........   4%          1    ##.....


Dungeon Overview and Level Annotations

Branches:
Dungeon (4/15)
 Temple: D:4-7

Altars:


Innate Abilities, Weirdness & Mutations

Your plain brown scales are hard (AC +5).
Your body does not fit into most forms of armour.
Your cold-blooded metabolism reacts poorly to cold.


Message History

The orc priest is lightly wounded.
The orc priest barely misses you.
You hit the orc priest.
The orc priest is lightly wounded.
You completely miss the orc priest. You tail-slap the orc priest.
The orc priest is lightly wounded.
The orc priest hits you with a flail.
* * * LOW HITPOINT WARNING * * *
You hit the orc priest but do no damage.
The orc priest is lightly wounded.
The orc priest barely misses you.
You hit the orc priest but do no damage.
The orc priest is lightly wounded.
The orc priest closely misses you.
You hit the orc priest but do no damage.
The orc priest is lightly wounded.
You hit the orc priest.
The orc priest is heavily wounded.
The orc priest hits you with a flail!
You die...

#.# #.#
#.# #.#
#.# #.#
#.# #o#
#@# #<#
#.# #.#
####.##.#
#.......#
#..##.####
#. ... #.
.#.##


You could see an orc priest.

Vanquished Creatures
  2 adders (D:2)
  3 giant mites (D:1)
  A giant cockroach (D:2)
  3 hobgoblins
  3 kobolds (D:1)
  7 bats
  A giant newt (D:1)
  5 goblins
  4 jackals (D:1)
  3 rats (D:1)
32 creatures vanquished.

Notes
Turn   | Place    | Note
--------------------------------------------------------------
     0 | D:1      | Minkie, the Draconian Warper, began the quest for the Orb.
     0 | D:1      | Reached XP level 1. HP: 17/17 MP: 3/3
   225 | D:2      | Reached XP level 2. HP: 2/24 MP: 4/4
   225 | D:2      | HP: 1/24 [poisoned by an adder]
   941 | D:1      | Reached XP level 3. HP: 26/29 MP: 6/6
  1486 | D:2      | Reached skill level 4 in Translocations
  1594 | D:3      | Slain by an orc priest

Action                   || total
-------------------------++-------
Melee: Spear             ||   151
  Use: Potion            ||     1
  Eat: Chunk             ||     2
